Map: Ruines d’Endion

Players

Kamenashi - Winner!

  • Race: Terran Terran
  • League: Diamond

DeadPool

  • Race: Protoss Protoss
  • League: Diamond

VOD

Have the link to the VOD?

Description

Time

  • Played on: May 4, 2016, 1:41 p.m.
  • Length: 12:16
Show
View Real Time Build Order
Export as new Build Order

Kamenashi Terran - Winner!

Build Orders: Reaper Expand, MMM Bio 

Get SALT Encoding   

  12  0:01  SCV  
  13  0:13  SCV  
  14  0:18  Supply Depot  
  14  0:25  SCV  
  15  0:40  SCV  
  15  0:42  Barracks  
  16  0:46  Refinery  
  16  0:52  SCV  
  17  1:04  SCV  
  18  1:16  SCV  
  19  1:29  Orbital Command  
  19  1:30  Reaper  
  20  1:47  Command Center  
  20  1:57  SCV  
  21  2:03  Barracks Reactor  
  21  2:08  Supply Depot  
  21  2:09  SCV  
  22  2:16  Engineering Bay  
  22  2:28  SCV  
  22  2:29  Barracks  
  23  2:41  SCV  
  24  2:45  Marine x2  
  26  2:53  SCV  
  26  2:56  Terran Infantry Weapons Level 1  
  27  3:01  Refinery  
  27  3:03  Reaper, Orbital Command  
  27  3:05  SCV  
  29  3:12  Bunker  
  29  3:16  Barracks Tech Lab  
  29  3:17  SCV  
  30  3:28  SCV  
  30  3:29  Marine, SCV  
  33  3:35  Marine  
  34  3:41  SCV  
  34  3:45  Marine, SCV  
  34  3:47  Marine  
  38  3:53  SCV  
  39  3:57  SCV  
  39  3:58  Factory  
  40  4:03  Marine  
  40  4:04  Marine  
  40  4:05  Stimpack, SCV  
  40  4:09  SCV  
  44  4:10  Supply Depot  
  44  4:18  SCV  
  44  4:20  Marine  
  46  4:24  Supply Depot  
  46  4:31  Marine x2, SCV x2  
  46  4:35  Supply Depot  
  46  4:36  Supply Depot  
  49  4:39  Marine  
  49  4:43  SCV  
  51  4:49  Marine  
  51  4:50  Marine, SCV, Terran Infantry Armor Level 1  
  51  4:52  Starport, Factory Reactor  
  54  4:54  Refinery  
  54  4:55  SCV  
  54  4:58  Supply Depot  
  55  5:00  Marine  
  55  5:05  SCV  
  57  5:07  Marine  
  57  5:12  Marine  
  59  5:15  SCV  
  59  5:22  Marine  
  59  5:23  SCV  
  59  5:25  Marine  
  59  5:27  SCV  
  62  5:33  Command Center, Barracks  
  62  5:36  Medivac  
  62  5:37  Medivac  
  62  5:41  SCV  
  67  5:44  Marine, Refinery  
  67  5:45  Marine x2  
  70  5:50  SCV  
  70  5:53  Supply Depot  
  70  5:55  Supply Depot  
  70  5:56  SCV  
  72  6:02  SCV  
  72  6:03  Supply Depot  
  73  6:06  Engineering Bay  
  73  6:07  Armory  
  73  6:08  SCV  
  74  6:12  Medivac  
  74  6:13  Medivac  
  74  6:15  Marine x3  
  81  6:18  Combat Shields  
  81  6:22  Barracks Tech Lab  
  81  6:25  SCV  
  82  6:34  Marauder  
  77  6:43  Marine x3  
  77  6:44  SCV  
  77  6:45  Orbital Command, SCV  
  82  6:55  Marauder  
  82  6:57  SCV  
  82  7:00  Marine x2  
  89  7:01  Marauder  
  89  7:09  SCV  
  89  7:10  Medivac x2  
  89  7:11  Terran Infantry Armor Level 2, Terran Infantry Weapons Level 2  
  89  7:16  Marine  
  89  7:18  Marine  
  83  7:25  Marine x2  
  83  7:29  Terran Ship Weapons Level 1  
  85  7:33  Barracks, SCV  
  85  7:34  Barracks, Marauder  
  85  7:36  SCV  
  79  7:45  Orbital Command  
  79  7:46  Marine x3  
  79  7:47  Missile Turret  
  72  7:52  Medivac  
  72  7:54  SCV  
  72  7:55  Marauder  
  77  8:02  Ghost Academy  
  77  8:04  Marine x2  
  79  8:10  Marauder, Concussive Shells  
  81  8:15  SCV  
  81  8:16  Liberator x2  
  81  8:17  SCV  
  81  8:19  Refinery  
  84  8:20  Refinery  
  84  8:21  Marine  
  84  8:22  Barracks Reactor, Barracks Tech Lab  
  85  8:27  Marine  
  85  8:29  SCV  
  85  8:31  Supply Depot  
  85  8:32  Supply Depot  
  94  8:36  Ghost  
  94  8:37  Ghost  
  94  8:39  SCV  
  94  8:40  SCV  
  98  8:46  Marine x2  
  98  8:47  Marauder  
  102  8:50  SCV  
  103  8:59  Liberator x2  
  103  9:02  Marine x2, Supply Depot  
  105  9:06  Marauder, SCV  
  104  9:10  Barracks  
  105  9:27  Marine x2, SCV  
  105  9:28  Marauder x2, Marine  
  105  9:29  Marauder  
  115  9:36  SCV  
  115  9:37  Marine, SCV  
  118  9:45  Marine x3  
  118  9:50  Marauder  
  118  9:51  Barracks  
  118  9:52  Barracks  
  123  9:53  Barracks  
  123  9:55  Marine  
  123  9:58  Ghost  
  123  9:59  Ghost  
  128  10:02  SCV  
  128  10:03  Marine x2  
  128  10:07  Sensor Tower  
  131  10:15  Liberator x2  
  122  10:31  Marine x3  
  122  10:32  Marauder x3  
  126  10:39  Marine  
  126  10:41  Marine  
  126  10:42  Marine  
  127  10:49  Marine  
  120  10:50  Marine x2  
  120  10:53  Marauder  
  120  10:54  Marauder x2  
  119  10:57  Marine  
  120  11:07  Marine  
  120  11:09  SCV x2  
  122  11:12  Marine x2  
  122  11:13  Command Center  
  122  11:14  Barracks Tech Lab x2  
  122  11:15  Medivac x2, Marauder x3  
  134  11:23  SCV x2  
  136  11:36  Marauder  
  133  11:40  Marine x2  
  133  11:41  Marauder x3  
  133  11:45  Medivac  
  136  11:56  Marine x2  
Show
View Real Time Build Order
Export as new Build Order

DeadPool Protoss 

Build Orders: 1 Gate Expand 

Get SALT Encoding   

  12  0:01  Probe (Chrono Boost)  
  13  0:11  Probe (Chrono Boost)  
  14  0:19  Pylon  
  14  0:22  Probe (Chrono Boost)  
  15  0:37  Gateway, Probe (Chrono Boost)  
  16  0:43  Assimilator  
  16  0:48  Probe (Chrono Boost)  
  17  0:58  Probe (Chrono Boost)  
  18  1:09  Probe (Chrono Boost)  
  19  1:19  Probe (Chrono Boost)  
  20  1:26  Nexus  
  20  1:30  Probe (Chrono Boost)  
  21  1:36  Cybernetics Core  
  21  1:43  Probe (Chrono Boost)  
  22  1:48  Assimilator  
  22  1:54  Probe (Chrono Boost)  
  23  2:01  Pylon  
  23  2:16  Gateway  
  23  2:21  Mothership Core (Chrono Boost)  
  23  2:22  Adept (Chrono Boost)  
  26  2:27  Warp Gate (Chrono Boost)  
  26  2:40  Probe (Chrono Boost)  
  27  2:49  Robotics Facility, Probe (Chrono Boost)  
  29  2:51  Probe (Chrono Boost)  
  29  2:59  Pylon, Probe (Chrono Boost)  
  29  3:01  Probe (Chrono Boost)  
  31  3:11  Twilight Council, Probe (Chrono Boost)  
  32  3:17  Probe (Chrono Boost)  
  33  3:23  Probe (Chrono Boost)  
  34  3:28  Probe (Chrono Boost)  
  34  3:29  Assimilator  
  34  3:33  Probe (Chrono Boost)  
  36  3:34  Assimilator  
  36  3:38  Probe (Chrono Boost)  
  37  3:48  Gateway  
  36  4:06  Probe  
  36  4:08  Probe  
  38  4:11  Blink (Chrono Boost)  
  38  4:17  Probe  
  38  4:20  Probe  
  38  4:21  Templar Archives  
  40  4:26  Observer (Chrono Boost)  
  41  4:32  Probe  
  42  4:38  Stalker x2  
  46  4:50  Probe  
  46  4:52  Probe  
  48  4:55  Observer (Chrono Boost)  
  49  5:01  Psionic Storm  
  49  5:02  Probe  
  49  5:04  Probe  
  51  5:10  High Templar  
  52  5:14  Probe  
  52  5:16  Probe (Chrono Boost)  
  54  5:30  Pylon  
  54  5:33  Pylon  
  54  5:45  Pylon, Nexus  
  54  5:48  Observer, Probe (Chrono Boost)  
  57  5:50  High Templar x2, Probe (Chrono Boost)  
  57  5:53  Stalker  
  63  5:58  Gateway  
  63  5:59  Probe (Chrono Boost)  
  63  6:00  Gateway  
  63  6:02  Probe (Chrono Boost)  
  65  6:07  Pylon  
  65  6:09  Pylon, Probe (Chrono Boost)  
  66  6:13  Probe (Chrono Boost)  
  66  6:15  Assimilator  
  66  6:17  Assimilator  
  67  6:18  Probe  
  67  6:21  Pylon  
  67  6:24  Probe  
  69  6:26  Stalker x3  
  75  6:49  Gateway  
  75  6:51  Gateway  
  75  6:59  Forge  
  75  7:02  Forge  
  73  7:09  Stalker x3  
  73  7:10  Stalker x2  
  76  7:24  Protoss Ground Weapons Level 1 (Chrono Boost)  
  76  7:33  Probe  
  77  7:40  Photon Cannon  
  77  7:42  Photon Cannon  
  75  7:52  Photon Cannon  
  75  7:53  Stalker x3  
  75  7:54  Stalker x2  
  75  7:58  Probe x2  
  85  7:59  Probe  
  85  8:03  Resonating Glaives (Chrono Boost)  
  88  8:09  Stalker x2  
  88  8:10  Probe x2  
  88  8:11  Protoss Ground Armor Level 1 (Chrono Boost), Probe  
  95  8:22  Probe x2  
  95  8:24  Observer (Chrono Boost), Probe  
  99  8:28  Stalker x2  
  99  8:31  High Templar  
  99  8:32  High Templar x2  
  109  8:38  Pylon  
  109  8:41  Pylon  
  109  8:56  Probe  
  109  8:57  Observer (Chrono Boost)  
  109  9:00  Probe x2  
  113  9:08  Probe  
  114  9:12  Probe  
  115  9:22  Stalker x5  
  115  9:23  Stalker x2  
  125  9:36  Dark Shrine  
  125  9:40  Protoss Ground Weapons Level 2 (Chrono Boost)  
  125  9:41  Pylon  
  125  9:43  Pylon  
  125  9:51  Pylon  
  125  9:59  Observer, Probe x3  
  129  10:00  Protoss Shields Level 1 (Chrono Boost)  
  129  10:01  Adept x6  
  141  10:11  Probe x2  
  143  10:15  Adept  
  143  10:20  Warp Prism  
  135  10:35  Archon  
  107  10:36  Stalker x3  
  107  10:37  Stalker x4  
  103  10:56  Observer  
  88  11:00  Adept x6  
  88  11:01  Adept  
  78  11:23  Stalker x6  
  78  11:24  Stalker  
  68  11:48  Stalker x6  
  68  11:49  Stalker  
  82  11:54  Nexus  
  82  11:57  Pylon  
  80  12:02  Pylon  
  80  12:04  Pylon  
Tags
 
Add a new tag
Caveats
  • Supply blocks, unpowered buildings, or Contaminate may cause inaccurate times.
  • Supply counts are checked every 10 seconds.